 Dungeon Crawl Stone Soup version 0.22-a0-181-gb22368a (webtiles) character file.

3744 Amnesiac the Geomancer (level 9, -2/57 HPs)
             Began as a Mummy Earth Elementalist on Feb 14, 2018.
             Was an Initiate of Ashenzari.
             Slain by a killer bee (5 damage)
             ... on level 8 of the Dungeon.
             The game lasted 00:15:42 (10952 turns).

Amnesiac the Geomancer (Mummy Earth Elementalist)  Turns: 10952, Time: 00:15:42

Health: -2/57      AC:  4    Str: 11    XL:     9   Next: 93%
Magic:  2/32       EV: 12    Int: 17    God:    Ashenzari [......]
Gold:   252        SH:  0    Dex: 13    Spells: 13/28 levels left

rFire    . . .     SeeInvis .   A - -1 dagger (curse)
rCold    + . .     Gourm    .   (no shield)
rNeg     + + +     Faith    .   n - +1 robe {rF+}
rPois    ∞         Spirit   .   (no helmet)
rElec    .         Reflect  .   (no cloak)
rCorr    .         Harm     .   (no gloves)
MR       +....                  l - +0 pair of boots
Stlth    ++........             x - amulet of the acrobat
HPRegen  0.19/turn              b - ring of magical power
MPRegen  0.23/turn              (no ring)

@: very slightly contaminated
A: no food or potions, fire vulnerability, cold resistance 1, negative energy
resistance 3, torment resistance, unbreathing
a: Curse Item, Renounce Religion


You were on level 8 of the Dungeon.
You worshipped Ashenzari.
Ashenzari was noncommittal.
You were not hungry.

You visited 2 branches of the dungeon, and saw 9 of its levels.

You collected 472 gold pieces.
You spent 220 gold pieces at shops.

Inventory:

Hand Weapons
 A - a cursed -1 dagger (weapon)
Missiles
 j - 8 needles of sleeping
 p - 123 stones (quivered)
 t - 11 curare-tipped needles
 y - 8 poisoned needles
Armour
 c - a cursed +0 leather armour
 l - a +0 pair of boots (worn)
 n - a +1 robe of fire resistance (worn)
Jewellery
 b - a ring of magical power (left hand)
 o - a +4 ring of evasion
 x - an amulet of the acrobat (around neck)
Wands
 i - a wand of enslavement (10)
 m - a wand of flame (35)
 z - a wand of scattershot (5)
Scrolls
 a - 4 scrolls of teleportation {!r, unknown}
 e - a scroll of magic mapping {!r, unknown}
 f - a scroll of enchant armour {!r, unknown}
 g - 7 scrolls of identify {!r, unknown}
 h - 3 scrolls of remove curse {!r}
 q - 2 scrolls of amnesia {!r, unknown}
 s - a scroll of fog {!r, unknown}
 u - a scroll of enchant weapon {!r, unknown}
Books
 d - a book of Geomancy

   Spells                             Type                      Level
   a - Sandblast                      Earth                        1
   b - Passwall                       Transmutation/Earth          2
   c - Stone Arrow                    Conjuration/Earth            3
   d - Petrify                        Transmutation/Earth          4
   e - Lee's Rapid Deconstruction     Earth                        5
 k - a book of Callings

   Spells                             Type                      Level
   a - Summon Small Mammal            Summoning                    1
   b - Call Imp                       Summoning                    2
   c - Call Canine Familiar           Summoning                    3
   d - Summon Guardian Golem          Hexes/Summoning              3
   e - Summon Lightning Spire         Summoning/Air                4
   f - Summon Ice Beast               Ice/Summoning                4
 r - a book of Maledictions

   Spells                             Type                      Level
   a - Corona                         Hexes                        1
   b - Ensorcelled Hibernation        Hexes/Ice                    2
   c - Confuse                        Hexes                        3
   d - Tukima's Dance                 Hexes                        3
   e - Dazzling Spray                 Conjuration/Hexes            3
 v - a book of Minor Magic

   Spells                             Type                      Level
   a - Magic Dart                     Conjuration                  1
   b - Blink                          Translocation                2
   c - Call Imp                       Summoning                    2
   d - Slow                           Hexes                        2
   e - Conjure Flame                  Conjuration/Fire             3
   f - Mephitic Cloud                 Conjuration/Poison/Air       3


   Skills:
 - Level 1.5 Dodging
 - Level 1.5 Stealth
 + Level 10.1 Spellcasting
 - Level 0.7 Transmutations
 * Level 10.1 Earth Magic


You had 13 spell levels left.
You knew the following spells:

 Your Spells              Type           Power        Failure   Level  Hunger
a - Stone Arrow           Conj/Erth      ####..       3%          3    N/A
b - Passwall              Tmut/Erth      ####......   1%          2    N/A
c - Sandblast             Erth           #####.       1%          1    N/A
d - Lee's Rapid Deconstr  Erth           #####.....   3%          5    N/A
e - Petrify               Tmut/Erth      ####....     9%          4    N/A

Dungeon Overview and Level Annotations

Branches:
Dungeon (8/15)             Temple (1/1) D:7            Lair (0/6) D:8

Altars:
Ashenzari
Cheibriados
Dithmenos
Elyvilon
Fedhas
Kikubaaqudgha
Makhleb
Nemelex Xobeh
Ru
Sif Muna
Uskayaw
Vehumet
Wu Jian
Xom
Zin

Shops:
D:5 =

Annotations:
D:7 Joseph


Innate Abilities, Weirdness & Mutations

You do not eat or drink.
Your flesh is vulnerable to fire.
You are immune to poison.
Your flesh is cold resistant. (rC+)
You are immune to negative energy. (rN+++)
You are immune to unholy pain and torment.
You can survive without breathing.


Message History

Aiming: Lee's Rapid Deconstruction (safe; 3% risk of failure)
Press: ? - help, Dir - move target cursor
Okay, then.
The killer bee closely misses you. x3
The killer bee barely misses you.
Casting: Lee's Rapid Deconstruction (safe; 3% risk of failure)
Confirm with . or Enter, or press ? or * to list all spells.
Aiming: Lee's Rapid Deconstruction (safe; 3% risk of failure)
Press: ? - help, Dir - move target cursor
Okay, then.
The killer bee completely misses you.
A killer bee comes into view.
Casting: Lee's Rapid Deconstruction (safe; 3% risk of failure)
Confirm with . or Enter, or press ? or * to list all spells.
Aiming: Lee's Rapid Deconstruction (safe; 3% risk of failure)
Press: ? - help, Dir - move target cursor The wall shatters!
The blast of rock fragments hits the ogre.
The ogre is heavily wounded.
The blast of rock fragments hits the killer bee.
You kill the killer bee!
The blast of rock fragments hits the killer bee.
You kill the killer bee!
The killer bee buzzes angrily.
You hear an angry buzzing noise.
The killer bee barely misses you. The killer bee stings you.
* * * LOW HITPOINT WARNING * * *
Unknown command.
Unknown command.
The killer bee stings you.
* * * LOW HITPOINT WARNING * * *
The killer bee barely misses you. The killer bee completely misses you.
The killer bee stings you.
* * * LOW HITPOINT WARNING * * *
The killer bee stings you.
* * * LOW HITPOINT WARNING * * *
Casting: Lee's Rapid Deconstruction (safe; 3% risk of failure)
Confirm with . or Enter, or press ? or * to list all spells.
Aiming: Lee's Rapid Deconstruction (safe; 3% risk of failure)
Press: ? - help, Dir - move target cursor The wall shatters!
The blast of rock fragments hits the killer bee.
You kill the killer bee!
The blast of rock fragments hits the ogre.
The ogre is almost dead.
The killer bee barely misses you. The killer bee stings you.
* * * LOW HITPOINT WARNING * * *
Unknown command.
Casting: Lee's Rapid Deconstruction (safe; 3% risk of failure)
Confirm with . or Enter, or press ? or * to list all spells.
You don't have enough magic to cast that spell.
Throwing (i - inventory)
p - 124 stones (quivered)
Press: ? - help, Shift-Dir - straight line, f - ogre
Aim: an ogre, wielding a giant spiked club (almost dead)
Okay, then.
Casting: Lee's Rapid Deconstruction (safe; 3% risk of failure)
Confirm with . or Enter, or press ? or * to list all spells.
Aiming: Sandblast (safe; 1% risk of failure)
Press: ? - help, Shift-Dir - straight line The blast of sand hits the ogre.
You kill the ogre!
p - 123 stones The killer bee closely misses you.
The killer bee stings you.
You die...

#..######....................
#.....#......................
#............................
##............................
#..#######....................
##..# #.....................
#..## ##.....................
###†..## #.O.#)y................
.......####...##@................
...#†....#...#####.).............
...###........####...............
..## ###.........#.)###..#.......
...# ##..###......##..###......
...# #..# ###....#...##..%##.#
....# #..# ##......##...###.#
....## ###.## ###....#...## #.#
......##....# ##...##..## #.#


You could see a killer bee.

Vanquished Creatures
  The ghost of wintastic the Conjurer, a novice DECj of Vehumet (D:4)
  Prince Ribbit (D:5)
  A hungry ghost (D:8)
  A water moccasin (D:8)
  An orc warrior (D:6)
  2 hell hounds (D:8)
  The ghost of zero the Sneak, an amateur SpEn (D:6)
  2 sky beasts
  An ice beast (D:8)
  3 ogres
  A phantom (D:6)
  A centaur (D:6)
  Blork the orc (D:5)
  4 bullfrogs
  5 orc priests
  4 scorpions
  7 killer bees (D:8)
  A howler monkey (D:6)
  A crimson imp (D:5)
  3 hounds
  3 jellies
  5 orc wizards
  2 centaur skeletons (D:6)
  A gnoll shaman (D:6)
  Natasha (thrice) (D:2)
  An iguana (D:6)
  2 worker ants
  A hound zombie (D:4)
  16 adders
  5 gnolls
  A shadow imp (D:6)
  An ooze (D:3)
  An adder zombie (D:5)
  A worm (D:4)
  A dart slug (D:4)
  4 leopard geckos
  28 orcs
  3 ball pythons
  6 giant cockroaches
  6 goblins
  9 hobgoblins
  13 jackals
  4 kobolds
  6 quokkas
  9 bats
  6 frilled lizards
  A jackal skeleton (D:6)
  A jackal zombie (D:6)
  7 rats
189 creatures vanquished.

Vanquished Creatures (collateral kills)
  A howler monkey (D:4)
  An adder (D:4)
  An orc (D:4)
3 creatures vanquished.

Grand Total: 192 creatures vanquished

Notes
Turn   | Place    | Note
-------+----------+-------------------------------------------
     0 | D:1      | Amnesiac the Mummy Earth Elementalist began the quest for the Orb.
     0 | D:1      | Reached XP level 1. HP: 13/13 MP: 4/4
   132 | D:1      | Reached XP level 2. HP: 10/19 MP: 0/5
   550 | D:2      | Reached XP level 3. HP: 24/24 MP: 1/7
   589 | D:2      | Learned a level 2 spell: Passwall
  1145 | D:4      | Reached XP level 4. HP: 22/30 MP: 6/9
  1239 | D:4      | Noticed wintastic's ghost (novice DECj)
  1243 | D:5      | Entered Level 5 of the Dungeon
  1245 | D:5      | Found Uxorir's Jewellery Shoppe.
  1430 | D:3      | Learned a level 4 spell: Petrify
  1638 | D:4      | Reached XP level 5. HP: 35/35 MP: 8/11
  1646 | D:4      | Learned a level 5 spell: Lee's Rapid Deconstruction
  2941 | D:5      | Noticed an ogre
  2949 | D:5      | Killed an ogre
  2949 | D:5      | Reached skill level 5 in Spellcasting
  2949 | D:5      | Reached skill level 5 in Earth Magic
  2949 | D:5      | Reached XP level 6. HP: 41/41 MP: 7/13
  3028 | D:5      | Noticed Blork the orc
  3032 | D:5      | Killed Blork the orc
  3099 | D:5      | Noticed Prince Ribbit
  3111 | D:5      | Killed Prince Ribbit
  3111 | D:5      | Reached XP level 7. HP: 35/46 MP: 7/15
  3213 | D:4      | Killed wintastic's ghost
  3324 | D:4      | Learned a level 3 spell: Stone Arrow
  3380 | D:5      | Bought an uncursed ring of magical power for 220 gold pieces
  5425 | D:2      | Noticed Natasha
  5430 | D:2      | Killed Natasha
  5430 | D:2      | Reached XP level 8. HP: 46/52 MP: 17/18
  5434 | D:2      | Found an ancient bone altar of Kikubaaqudgha.
  5470 | D:2      | Noticed Natasha
  5471 | D:2      | Killed Natasha
  5584 | D:2      | Noticed Natasha
  5588 | D:2      | Killed Natasha
  5902 | D:3      | Found a hide-covered altar of Uskayaw.
  5905 | D:3      | Noticed a dagger
  5906 | D:3      | Noticed a hand axe
  5938 | D:3      | Found a deep blue altar of Sif Muna.
  6048 | D:3      | Found a snail-covered altar of Cheibriados.
  6371 | D:5      | Found a deep blue altar of Sif Muna.
  7214 | D:6      | Noticed zero's ghost (amateur SpEn)
  7436 | D:6      | Killed zero's ghost
  7787 | D:6      | Got a steaming spear {antimagic}
  7813 | D:6      | Reached XP level 9. HP: 45/57 MP: 9/21
  8895 | D:7      | Found a shadowy altar of Dithmenos.
  9031 | D:7      | Found a staircase to the Ecumenical Temple.
  9046 | Temple   | Entered the Ecumenical Temple
  9271 | Temple   | Became a worshipper of Ashenzari the Shackled
  9296 | D:7      | Identified the +4 spear of the Thing {antimagic, MR+ Dex+2} (You took it off an orc on level 6 of the Dungeon)
  9525 | D:7      | Noticed Joseph
 10195 | D:8      | Found a staircase to the Lair.
 10936 | D:8      | Reached skill level 10 in Earth Magic
 10938 | D:8      | Reached skill level 10 in Spellcasting
 10952 | D:8      | Slain by a killer bee

Vault maps used:
D:1:      lightli_arrival_flooded_house, minmay_tromino_v4_a
D:2:      marbit_many_paths, hangedman_feature_mirror,
          kennysheep_generic_room_9, uniq_natasha
D:3:      dancing_weapons_uskayaw, lemuel_blue_sif_altar, cheibriados_altar_1
D:4:      grunt_ministairs_7, minmay_misc_feat_ornament
D:5:      serial_shops, nicolae_shop_statue_plus, basic_altar, first_ration,
          minmay_misc_feat_hallway, glass_columns_c, uniq_prince_ribbit1,
          uniq_blork_the_orc
D:6:      kennysheep_generic_room_4
D:7:      nicolae_dithmenos_the_darkroom, minmay_temple_entry_grid,
          minmay_misc_feat_enclosed, uniq_joseph
D:8:      okawaru_metal_pillars_1_2, minmay_lair_entry_lava, david_nohive_1,
          wad_hexagon
Temple:   minmay_temple_curvy_loop

Skill      XL: |  1  2  3  4  5  6  7  8  9 |
---------------+----------------------------+-----
Spellcasting   | 3 4 5 6 8 10 | 10.1
Earth Magic    | 3 4 5 6 8 10 | 10.1
Dodging        | |  1.5
Stealth        | |  1.5
Transmutations | |  0.7

Action                   |  1- 3 |  4- 6 |  7- 9 || total
-------------------------+-------+-------+-------++-------
Melee: Unarmed           |    55 |    14 |       ||    69
       Dagger            |       |     1 |    28 ||    29
       Whip              |       |       |    20 ||    20
 Cast: Sandblast         |    53 |    61 |    20 ||   134
       Passwall          |     1 |       |       ||     1
       Stone Arrow       |       |       |   273 ||   273
       Petrify           |       |       |     6 ||     6
       Lee's Rapid Decon |       |       |     4 ||     4
Evoke: Wand              |     1 |       |       ||     1
 Stab: Sleeping          |     1 |       |       ||     1
       Petrified         |       |       |     4 ||     4
Armor: Robe              |    18 |     3 |    33 ||    54
Dodge: Dodged            |    62 |    13 |   126 ||   201

Table legend:
 A = Spawn XP
 B = Non-spawn XP
 C = Spawn XP percentage of total XP
 D = Spawn monster count
 E = Non-spawn monster count
 F = Spawn count percentage of total count
 G = Total turns spent on level
                    A         B        C        D         E        F      G
               +---------+---------+-------+---------+---------+-------+---------
         Total |       0 |    5349 |   0.0 |       0 |     192 |   0.0 | 10952
               +---------+---------+-------+---------+---------+-------+---------
           D:1 |       0 |      48 |   0.0 |       0 |      23 |   0.0 |   832
           D:2 |       0 |     188 |   0.0 |       0 |      17 |   0.0 |  1105
           D:3 |       0 |      56 |   0.0 |       0 |      23 |   0.0 |  2048
           D:4 |       0 |     626 |   0.0 |       0 |      26 |   0.0 |  1558
           D:5 |       0 |    1186 |   0.0 |       0 |      30 |   0.0 |  1896
           D:6 |       0 |    1205 |   0.0 |       0 |      35 |   0.0 |  1465
           D:7 |       0 |     591 |   0.0 |       0 |      15 |   0.0 |  1041
           D:8 |       0 |    1449 |   0.0 |       0 |      23 |   0.0 |   758
               +---------+---------+-------+---------+---------+-------+---------
